 Dungeon Crawl Stone Soup version 0.19-a0-27-g415f530 (webtiles) character file.

189 M4edhros the Insei (level 5, 14/39 HPs)
             Began as a Vampire Monk on May 1, 2016.
             Was a Believer of Okawaru.
             Quit the game on level 5 of the Dungeon.
             The game lasted 00:05:05 (755 turns).

M4edhros the Insei (Vampire Monk)                    Turns: 755, Time: 00:05:06

Health: 14/39      AC:  5    Str: 11    XL:     5   Next: 40%
Magic:  5/5        EV: 12    Int: 12    God:    Okawaru [**....]
Gold:   33         SH:  0    Dex: 17    Spells: 0 memorised, 4 levels left

rFire  . . .     SeeInvis +     h - -1 blowgun (curse)
rCold  . . .     Gourm    .     b - +0 ring mail
rNeg   + . .     Faith    .     (no shield)
rPois  .         Spirit   .     (no helmet)
rElec  .         Dismiss  .     (no cloak)
rCorr  .         Reflect  .     (no gloves)
SustAt .         Harm     .     (no boots)
MR     .....                    (no amulet)
Stlth  ++........               (no ring)
                                l - ring of positive energy

@: regenerating quickly, not resistant to hostile enchantments, unstealthy
A: fangs 3, see invisible, unbreathing
a: Heroism, Renounce Religion


You were on level 5 of the Dungeon.
You worshipped Okawaru.
Okawaru was pleased with you.
You were very full.

You visited 2 branches of the dungeon, and saw 6 of its levels.

You collected 33 gold pieces.

Inventory:

Hand Weapons
 f - a +0 vampiric dagger
 h - a cursed -1 blowgun (weapon)
Missiles
 e - 3 javelins of penetration
 i - 2 poisoned needles (quivered)
Armour
 a - a +0 robe
 b - a +0 ring mail (worn)
Jewellery
 l - a ring of positive energy (left hand)
Scrolls
 c - 2 scrolls of enchant weapon
 j - a scroll of blinking
Potions
 d - 2 potions of blood
Books
 g - a book of Alchemy

   Spells                             Type                      Level
   a - Sublimation of Blood           Necromancy                   2
   b - Ignite Poison                  Fire/Transmutation/Poison    3
   c - Petrify                        Transmutation/Earth          4
   d - Alistair's Intoxication        Transmutation/Poison         5
   e - Irradiate                      Conjuration/Transmutation    5
 k - a book of Envenomations

   Spells                             Type                      Level
   a - Spider Form                    Transmutation/Poison         3
   b - Olgreb's Toxic Radiance        Poison                       4
   c - Alistair's Intoxication        Transmutation/Poison         5
   d - Poisonous Cloud                Conjuration/Poison/Air       6


   Skills:
 - Level 2.6 Fighting
 - Level 3.2 Dodging
 - Level 3.0 Stealth
 + Level 7.4 Unarmed Combat


You had 4 spell levels left.
You didn't know any spells.

Dungeon Overview and Level Annotations

Branches:
Dungeon (5/15)             Temple (1/1) D:5

Altars:
Ashenzari
Dithmenos
Fedhas
Kikubaaqudgha
Nemelex Xobeh
Okawaru
Qazlal
Ru
Sif Muna
Trog
Yredelemnul
Zin
The Shining One


Innate Abilities, Weirdness & Mutations

Your natural rate of healing is unusually fast.
You have razor-sharp teeth.
You have supernaturally acute eyesight.
You can survive without breathing.


Message History

The javelin of penetration pierces through the howler monkey!
You kill the howler monkey!
Okawaru accepts your kill.
You feel sick.
You are no longer poisoned.
e - 2 javelins of penetration;
i - 2 poisoned needles
Found a cabochon ring.
e - 3 javelins of penetration (gained 1)
You enter the shallow water.
Moving in this stuff is going to be slow.
A giant gecko comes into view.
l - a cabochon ring
There are no items here.
Put on which piece of jewellery? (? for menu, Esc to quit)
You don't have any such object.
Put on which piece of jewellery? (? for menu, Esc to quit)
l - a ring of positive energy (left hand) Quiver which item? (- for none, * to show all) (? for menu, Esc to quit)
Okay, then.
Are you sure you want to abandon this character and quit the game? (Confirm with "yes".)

...(.......#
#.........#########
#.........#≈≈≈≈≈≈≈≈ .
#.........≈≈≈.≈≈≈≈l ..
...........≈#########...
............l...........
........................
........................
................@..#.#.#
........................
...................#.#.#
........................
...................#.#.#
..........#####.........
..........#$(?#....#.#.#
..........#!)!#.........
..........#!$)#..


You could see a giant gecko.

Vanquished Creatures
  A scorpion (D:5)
  A howler monkey (D:5)
  A giant frog skeleton (D:3)
  A worker ant (D:5)
  3 gnolls (D:5)
  An adder zombie (D:5)
  A giant gecko (D:3)
  An orc (D:5)
  A bat (D:1)
  2 giant cockroaches (D:5)
  A goblin (D:1)
  A hobgoblin (D:1)
  4 kobolds
  4 giant newts
  2 rats (D:1)
25 creatures vanquished.

Notes
Turn   | Place    | Note
--------------------------------------------------------------
     0 | D:1      | M4edhros the Vampire Monk began the quest for the Orb.
     0 | D:1      | Reached XP level 1. HP: 17/17 MP: 1/1
   104 | D:1      | Reached XP level 2. HP: 23/23 MP: 2/2
   210 | D:3      | Reached skill level 5 in Unarmed Combat
   282 | D:3      | Reached XP level 3. HP: 19/28 MP: 3/3
   301 | D:4      | Found a sacrificial altar of Ru.
   322 | D:5      | Entered Level 5 of the Dungeon
   541 | D:5      | Reached skill level 6 in Unarmed Combat
   557 | D:5      | Reached XP level 4. HP: 27/34 MP: 4/4
   623 | D:5      | Found a staircase to the Ecumenical Temple.
   634 | Temple   | Entered the Ecumenical Temple
   667 | Temple   | Became a worshipper of Warmaster Okawaru
   667 | Temple   | Reached * piety under Okawaru
   667 | Temple   | Reached ** piety under Okawaru
   717 | D:5      | Reached skill level 7 in Unarmed Combat
   717 | D:5      | Reached XP level 5. HP: 28/39 MP: 5/5
   755 | D:5      | Quit the game

Vault maps used:
D:1:      saegor_arrival_miasma
D:2:      grunt_pakellas_salt, vehumet_crystals, uniq_sigmund, uniq_robin
D:3:      grunt_temple_overflow_champion_of_chaos, grunt_gozag_breadcrumbs,
          first_bread
D:4:      nicolae_ru_awakened_eye, minmay_misc_feat_pillars, uniq_natasha,
          uniq_grinder
D:5:      gup_sewer_entry_pipe, serial_glass, glass_columns_b, glass_columns_b,
          glass_columns_c, glass_columns_a, glass_columns_a, glass_columns_a,
          glass_columns_c, glass_columns_a, glass_columns_c, glass_columns_c,
          glass_columns_a, glass_columns_c, glass_columns_a, glass_columns_a,
          due_unseen_surprise, grunt_ministairs_4
Temple:   circular_temple_12

Skill      XL: |  1  2  3  4 |
---------------+-------------+-----
Unarmed Combat | 5 6 7 |  7.4
Fighting       | |  2.6
Dodging        | |  3.2
Stealth        | |  3.0

Action                   |  1- 3 |  4- 6 || total
-------------------------+-------+-------++-------
Melee: Unarmed           |    68 |     6 ||    74
       Bite              |     6 |     3 ||     9
       Dagger            |    17 |       ||    17
       Blowgun           |       |    12 ||    12
 Fire: Blowgun           |       |    13 ||    13
Throw: Javelin           |       |     3 ||     3
  Use: Potion            |     9 |       ||     9
       Scroll            |       |     5 ||     5
Armor: Ring mail         |    20 |    15 ||    35
Dodge: Dodged            |    50 |    31 ||    81
